 Dungeon Crawl Stone Soup version 0.21.0-22-g11d5b52 (console) character file.

229250 removed the Warrior (level 20, -2/137 HPs)
             Began as a Kobold Skald on Jan 18, 2018.
             Was the Champion of Makhleb.
             Hit by a large rock thrown by a stone giant (20 damage)
             ... on level 1 of the Vaults.
             The game lasted 02:08:33 (55294 turns).

removed the Warrior (Kobold Skald)                 Turns: 55294, Time: 02:08:35

Health: -2/137     AC: 34    Str: 17    XL:     20   Next: 22%
Magic:  30/30      EV: 10    Int: 14    God:    Makhleb [******]
Gold:   1754       SH: 11    Dex: 15    Spells: 22/23 levels left

rFire    + . .     SeeInvis .   a - +5 demon whip (drain)
rCold    + + .     Gourm    .   I - +0 buckler {rC+}
rNeg     . . .     Faith    .   e - +4 crystal plate armour
rPois    .         Spirit   .   J - +0 helmet
rElec    .         Reflect  +   A - +1 cloak {+Inv}
rCorr    .         Harm     .   s - +0 pair of gloves
MR       +....                  N - +1 pair of boots {Stlth+}
Stlth    ..........             t - +4 amulet of reflection (curse)
HPRegen  0.32/turn              S - ring "Zuonah" {rF+ rC+ Str+2}
MPRegen  0.22/turn              T - +3 ring of slaying

@: about to teleport
A: small, carnivore, dopey 1
}: 1/15 runes: serpentine
a: Minor Destruction, Lesser Servant of Makhleb, Major Destruction, Greater
Servant of Makhleb, Renounce Religion, Evoke Invisibility


You were on level 1 of the Vaults.
You worshipped Makhleb.
Makhleb was exalted by your worship.
You were very full.

You visited 7 branches of the dungeon, and saw 31 of its levels.
You visited the Abyss 1 time.
You also visited: Ossuary and Ice Cave.

You collected 3460 gold pieces.
You spent 1706 gold pieces at shops.

Inventory:

Hand Weapons
 a - a +5 demon whip of draining (weapon)
 w - a +0 blowgun
Missiles
 y - 5 curare-tipped needles
Armour
 e - a +4 crystal plate armour (worn)
 s - a +0 pair of gloves (worn)
 A - a +1 cloak of invisibility (worn)
 I - a +0 buckler of cold resistance (worn)
 J - a +0 helmet (worn)
 N - a +1 pair of boots of stealth (worn)
 R - a scarf of cloud immunity
Jewellery
 h - an uncursed ring of resist corrosion
 o - a +5 ring of strength
 t - a cursed +4 amulet of reflection (around neck)
 z - an uncursed ring of flight
 O - an uncursed amulet of guardian spirit
 S - the ring "Zuonah" (left hand) {rF+ rC+ Str+2}
   (You found it on level 2 of the Elven Halls)

   [ring of protection from cold]

   It affects your strength (+2).
   It protects you from fire.
   It protects you from cold.
 T - a +3 ring of slaying (right hand)
 Y - an uncursed ring of ice
Wands
 q - a wand of disintegration (12)
 x - a wand of acid (31)
 C - a wand of polymorph (1)
 G - a wand of scattershot (12)
 L - a wand of paralysis (10)
 U - a wand of clouds (3)
 X - a wand of iceblast (2)
Scrolls
 i - 6 scrolls of teleportation
 n - 13 scrolls of remove curse
 p - 7 scrolls of blinking
 E - 6 scrolls of amnesia
 H - 3 scrolls of magic mapping
 M - 2 scrolls of fear
 P - 7 scrolls of identify
 Q - a scroll of silence
 V - 3 scrolls of holy word
 Z - a scroll of fog
Potions
 g - 5 potions of haste
 j - 4 potions of heal wounds
 k - 6 potions of flight
 r - 10 potions of curing
 u - 3 potions of might
 v - 2 potions of lignification
 B - 2 potions of agility
 D - 4 potions of mutation
 F - 7 potions of brilliance
 W - 2 potions of cancellation
Miscellaneous
 c - a box of beasts
 f - a lightning rod (4/4)
 l - a phantom mirror
 m - a lamp of fire (inert)
Comestibles
 d - 50 rations


   Skills:
 + Level 18.5 Fighting
 - Level 12.0 Maces & Flails
 - Level 13.1 Armour
 - Level 13.0 Dodging
 - Level 7.1 Shields
 - Level 2.1 Spellcasting
 - Level 2.4 Charms
 - Level 14.0 Invocations
 - Level 14.1 Evocations


You had 22 spell levels left.
You knew the following spells:

 Your Spells              Type           Power        Failure   Level  Hunger
a - Infusion              Chrm           #...         100%        1    #......


Dungeon Overview and Level Annotations

Branches:
Dungeon (15/15)            Temple (0/1) D:7            Lair (6/6) D:9
 Shoals (1/4) Lair:2        Snake (4/4) Lair:4        Slime (0/5) Lair:6
    Orc (2/2) D:10            Elf (2/3) Orc:2        Vaults (1/5) D:14
 Depths (0/5) D:15

Altars:
Ashenzari
Cheibriados
Elyvilon
Fedhas
Gozag
Kikubaaqudgha
Makhleb
Nemelex Xobeh
Okawaru
Qazlal
Sif Muna
Uskayaw
Vehumet
Wu Jian
Zin
Beogh

Shops:
D:5 *   D:6 [*}[   Orc:1 (   Orc:2 *(*(

Annotations:
D:3 exclusion: downstairs
D:4 exclusion: upstairs, TotoDurand's ghost, amateur DrTm
D:9 exclusion: downstairs
D:15 exclusion: Roxanne, Roxanne
Shoals:1 Louise


Innate Abilities, Weirdness & Mutations

You are small and have problems with some larger weapons.
You are carnivorous and can eat meat at any time.
You are dopey. (Int -2)


Message History

The harpy screeches!
You block the harpy's attack. x2; The harpy claws you but does no damage.
You block the harpy's attack. The harpy barely misses you.
The harpy closely misses you. The harpy misses you. The harpy claws you.
* * * LOW HITPOINT WARNING * * *
The harpy claws you but does no damage. The harpy misses you.
Unknown command.
You open the door.
A deep elf knight, an ogre mage and a stone giant come into view.
The stone giant shouts!
The harpy screeches!
The harpy claws you but does no damage. The harpy completely misses you.
The harpy claws you.
* * * LOW HITPOINT WARNING * * *
You block the harpy's attack. The harpy claws you.
* * * LOW HITPOINT WARNING * * *
The harpy barely misses you.
The harpy claws you but does no damage. x2
The deep elf knight wields a shortbow.
The deep elf knight shoots an arrow.
The arrow closely misses you.
The arrow hits the harpy!
The stone giant throws a large rock.
The large rock hits you!!
You die... #.c.# #$o(# .# ##c## .# #...# .# #...# .# #...# .# #zz.# '## #HHH#

..# #@.)#
.(# #'#+#
#.# ...
..# .....
..#C..
#......
###....
#e...O.C
.. O...
#########
.. ... ..
...


You could see a stone giant, 2 skeletal warriors, an ogre mage, a deep elf
knight, a yaktaur, 3 harpies and an orc warrior.

Vanquished Creatures
  A deep elf blademaster (Elf:2)
  Frances (D:12)
  6 nagarajas
  A deep elf sorcerer (Vaults:1)
  Aizul (Elf:2)
  2 vault wardens (Vaults:1)
  A balrug (Abyss:5)
  2 deep elf elementalists (Elf:2)
  4 ironheart preservers (Vaults:1)
  An entropy weaver (Abyss:5)
  2 deep elf demonologists
  An ettin (Vaults:1)
  Snorg (Lair:4)
  2 deep elf death magi
  A merfolk impaler (Shoals:1)
  A blizzard demon (Abyss:5)
  2 ogre magi
  A deep elf high priest (Elf:2)
  5 hydras
  Fannar (D:10)
  11 naga warriors
  2 catoblepae
  An anaconda (shapeshifter) (D:14)
  6 centaur warriors
  5 anacondas
  17 two-headed ogres
  22 dancing weapons
  A deep troll shaman (Vaults:1)
  2 tengu warriors (D:15)
  2 shock serpents
  2 thrashing horrors
  13 naga sharpshooters
  6 deep elf knights
  2 salamander mystics
  A fire crab (shapeshifter) (Elf:1)
  A spatial maelstrom (Abyss:5)
  2 deep trolls (Vaults:1)
  2 unseen horrors
  A sea snake (Shoals:1)
  2 unseen horrors (shapeshifter)
  5 naga ritualists
  3 deep elf archers
  3 ironbrand convokers (Vaults:1)
  The ghost of Vojta the Covert, a novice DEAr of Vehumet (D:8)
  2 harpies (Vaults:1)
  A wolf spider zombie (D:12)
  2 manticores (Shoals:1)
  12 orc knights
  3 orc sorcerers
  2 mana vipers (Snake:2)
  38 deep elf magi
  3 oklob plants (Lair:4)
  9 ugly things
  A merfolk siren (Shoals:1)
  A moth of wrath (Snake:4)
  13 elephants
  3 cyclopes
  15 salamanders
  21 naga magi
  2 vault sentinels (Vaults:1)
  A black mamba (shapeshifter) (D:15)
  5 orange demons (D:13)
  31 black mambas
  An ice statue (IceCv)
  A water nymph (Shoals:1)
  21 spiny frogs
  A smoke demon (Abyss:5)
  A hellion (Abyss:5)
  A gargoyle (D:13)
  4 kobold demonologists
  3 rime drakes
  3 centaur skeletons
  A torpor snail (Snake:1)
  A tengu conjurer (D:15)
  An efreet (Abyss:4)
  4 ancient zymes
  9 komodo dragons
  7 yaktaurs (Vaults:1)
  A red devil (D:13)
  A merfolk (shapeshifter) (D:15)
  2 trolls (Orc:2)
  2 merfolk (Shoals:1)
  A troll (shapeshifter) (D:15)
  2 hornets
  A wind drake (Shoals:1)
  17 polar bears
  2 tyrant leeches (Lair:6)
  4 raiju
  14 slime creatures
  2 snapping turtles (Shoals:1)
  20 blink frogs
  A dream sheep (Lair:6)
  A snapping turtle (shapeshifter) (Snake:4)
  10 hippogriffs
  5 water elementals
  A redback (Snake:1)
  A spriggan (D:8)
  37 yaks
  A spriggan (shapeshifter) (Vaults:1)
  4 wyverns
  A shadow (D:11)
  A fire elemental (Elf:1)
  4 fire bats (Lair:5)
  4 wraiths
  11 vampire mosquitoes
  4 basilisks
  2 chaos spawn (Abyss:5)
  A neqoxec (Abyss:5)
  A steam dragon (D:9)
  2 hungry ghosts
  9 wargs
  5 large abominations
  33 nagas
  2 acid dragons
  A floating eye (Snake:3)
  39 orc warriors
  6 porcupines
  11 water moccasins
  3 ice beasts
  3 sky beasts
  3 eyes of draining
  2 black bears
  A phantom (D:13)
  17 ogres
  2 necrophages
  3 boggarts (D:15)
  A hornet zombie (D:10)
  17 centaurs
  49 wolves
  10 crocodiles
  6 big kobolds
  3 earth elementals
  22 bullfrogs
  7 scorpions
  6 killer bees (D:11)
  6 wights
  12 electric eels
  2 howler monkeys
  3 small abominations
  5 crimson imps
  2 lava snakes (Snake:2)
  4 hounds
  A quasit (D:11)
  An iron imp (D:9)
  3 bullfrog zombies
  2 centaur zombies
  16 orc priests
  A bullfrog skeleton (D:11)
  2 jellies
  4 iguanas
  20 orc wizards
  12 worker ants
  2 hell rats (Lair:6)
  8 mummies (Ossuary)
  4 hound skeletons
  A worker ant zombie (D:7)
  7 adders
  4 gnolls (D:6)
  A river rat (shapeshifter) (D:14)
  2 river rats (Lair:6)
  3 shadow imps
  12 white imps (Lair:5)
  3 oozes
  2 adder zombies
  2 adder skeletons (D:4)
  2 worms (D:4)
  4 dart slugs
  5 leopard geckos
  103 orcs
  6 giant cockroaches
  12 goblins
  8 hobgoblins
  10 jackals
  10 quokkas
  A ball python (D:2)
  9 bats
  4 frilled lizards
  A gnoll zombie (Ossuary)
  4 hobgoblin zombies (Ossuary)
  26 kobolds
  A leopard gecko zombie (D:7)
  3 orc zombies (Ossuary)
  2 quokka skeletons
  8 rats
  4 crawling corpses (Vaults:1)
  2 plants (Lair:4)
1168 creatures vanquished.

Vanquished Creatures (collateral kills)
  Jorgrun (Snake:2)
  A frost giant (IceCv)
  A vault warden (Vaults:1)
  An entropy weaver (Abyss:5)
  Josephine (D:10)
  3 hydras
  An ogre mage (Orc:1)
  2 shock serpents (Snake:2)
  A deep elf knight (Elf:2)
  A naga ritualist (Snake:4)
  A harpy (shapeshifter) (Vaults:1)
  2 orc knights (Orc:2)
  An orc sorcerer (Orc:1)
  3 deep elf magi (Elf:2)
  A black mamba (Lair:1)
  4 elephants (Lair:6)
  A naga mage (Snake:4)
  2 spiny frogs (Lair:6)
  6 blink frogs
  A snapping turtle (Lair:2)
  A spriggan (Lair:1)
  An air elemental (Elf:2)
  5 yaks (Lair:1)
  A ynoxinul (Abyss:5)
  2 wraiths (D:10)
  A large abomination (Abyss:5)
  A vampire mosquito (Lair:6)
  A porcupine (Lair:5)
  2 orc warriors (Orc:2)
  A centaur zombie (D:10)
  A centaur skeleton (D:10)
  A hell rat (Lair:6)
  An adder (D:10)
  5 orcs
  2 rats (Lair:6)
  A butterfly (Lair:5)
62 creatures vanquished.

Vanquished Creatures (others)
  2 naga sharpshooters (Snake:4)
  A deep elf knight (Elf:2)
  An orc knight (Vaults:1)
  A blink frog (Lair:6)
  A naga (Snake:4)
  A water moccasin (Lair:6)
  A centaur (Vaults:1)
  A bush (Lair:6)
  15 fungi
  51 plants
  2 starspawn tentacles (Abyss:3)
77 creatures vanquished.

Grand Total: 1307 creatures vanquished

Notes
Turn   | Place    | Note
-------+----------+-------------------------------------------
     0 | D:1      | removed the Kobold Skald began the quest for the Orb.
     0 | D:1      | Reached XP level 1. HP: 12/12 MP: 3/3
   222 | D:1      | Reached XP level 2. HP: 17/17 MP: 1/5
   514 | D:1      | Reached XP level 3. HP: 21/21 MP: 2/6
  1285 | D:2      | Reached XP level 4. HP: 23/26 MP: 7/7
  1463 | D:1      | Reached skill level 1 in Armour
  1785 | D:2      | Found a deep blue altar of Sif Muna.
  2380 | D:2      | Found an opulent altar of Gozag.
  2992 | D:3      | Reached XP level 5. HP: 30/30 MP: 8/8
  3044 | D:3      | Found a burning altar of Makhleb.
  3044 | D:3      | Found a hide-covered altar of Uskayaw.
  3051 | D:3      | Found a stormy altar of Qazlal.
  3055 | D:3      | Found a faded altar of an unknown god.
  3057 | D:3      | Found a faded altar of an unknown god.
  3086 | D:3      | Became a worshipper of Makhleb the Destroyer
  3848 | D:4      | Reached XP level 6. HP: 35/35 MP: 9/9
  3877 | D:4      | Noticed an ogre
  3947 | D:4      | Noticed TotoDurand's ghost (amateur DrTm)
  4555 | D:4      | Found an ornate altar of the Wu Jian Council.
  5234 | D:4      | Found a sparkling altar of Nemelex Xobeh.
  5306 | D:4      | Killed an ogre
  5306 | D:4      | Reached skill level 5 in Maces & Flails
  5306 | D:4      | Reached XP level 7. HP: 40/40 MP: 10/10
  6033 | D:5      | Entered Level 5 of the Dungeon
  6138 | D:5      | Reached * piety under Makhleb
  6948 | D:5      | Found Qyakamn's General Store.
  6956 | D:5      | Bought 2 potions of curing for 78 gold pieces
  7413 | D:6      | Reached XP level 8. HP: 32/44 MP: 11/11
  7458 | D:6      | Found Deppi's Gadget Shop.
  7475 | D:6      | Found Tetufub's Armour Emporium.
  7546 | D:6      | Found a sand-covered staircase.
  7645 | Ossuary  | Entered an ossuary
  8111 | Ossuary  | Reached ** piety under Makhleb
  8672 | D:6      | Reached skill level 3 in Fighting
  8735 | D:6      | Found Nyinif's General Store.
  8741 | D:6      | Bought a scroll of fear for 49 gold pieces
  8769 | D:6      | Found Jaogunolel's Antique Armour Shop.
  8893 | D:6      | Reached skill level 4 in Fighting
  9192 | D:6      | Bought a pair of runed boots for 217 gold pieces
  9369 | D:7      | Found a white marble altar of Elyvilon.
  9394 | D:7      | Reached XP level 9. HP: 52/52 MP: 12/12
  9855 | D:7      | Found a staircase to the Ecumenical Temple.
 10207 | D:8      | Noticed Vojta's ghost (novice DEAr)
 10489 | D:8      | Found a radiant altar of Vehumet.
 10771 | D:8      | Found a glowing silver altar of Zin.
 11465 | D:8      | Killed Vojta's ghost
 11465 | D:8      | Reached skill level 10 in Maces & Flails
 11476 | D:8      | Found a shattered altar of Ashenzari.
 11523 | D:8      | Reached XP level 10. HP: 53/58 MP: 13/13
 11681 | D:9      | Reached skill level 5 in Fighting
 11739 | D:9      | Reached skill level 6 in Fighting
 11916 | D:9      | Found a staircase to the Lair.
 11985 | D:9      | Reached *** piety under Makhleb
 11990 | D:9      | Reached skill level 5 in Armour
 12095 | D:9      | Found a snail-covered altar of Cheibriados.
 12297 | D:9      | Noticed a two-headed ogre
 12325 | D:9      | Killed a two-headed ogre
 12823 | D:10     | Entered Level 10 of the Dungeon
 12867 | D:9      | Reached skill level 5 in Invocations
 12890 | D:10     | Noticed Fannar
 13502 | D:10     | Reached skill level 7 in Fighting
 13547 | D:10     | Noticed Josephine
 13847 | D:10     | Reached XP level 11. HP: 52/68 MP: 15/15
 14148 | D:10     | Found a staircase to the Orcish Mines.
 14466 | D:10     | Reached skill level 8 in Fighting
 14475 | D:10     | Killed Josephine
 15135 | D:11     | Reached **** piety under Makhleb
 16170 | Lair:1   | Entered Level 1 of the Lair of Beasts
 16702 | D:9      | Reached skill level 9 in Fighting
 17248 | D:9      | Reached XP level 12. HP: 60/75 MP: 16/16
 17331 | Lair:1   | Noticed a spriggan rider
 17916 | D:6      | Bought a shiny buckler for 217 gold pieces
 18049 | Lair:1   | Noticed a four-headed hydra
 18078 | Lair:1   | Killed a four-headed hydra
 18078 | Lair:1   | Reached skill level 1 in Shields
 18421 | Lair:1   | Noticed a five-headed hydra
 18435 | Lair:1   | Killed a five-headed hydra
 18677 | Lair:2   | Found an opulent altar of Gozag.
 18807 | Lair:2   | Got an ancient whip
 18808 | Lair:2   | Identified the +4 whip "Ragu" {drain, +Rage} (You found it on level 2 of the Lair of Beasts)
 18981 | Lair:2   | Found a staircase to the Shoals.
 19330 | Lair:3   | Noticed a five-headed hydra
 19351 | Lair:3   | Killed a five-headed hydra
 19351 | Lair:3   | Reached skill level 5 in Shields
 19387 | Lair:3   | Noticed a catoblepas
 19565 | Lair:3   | Killed a catoblepas
 19565 | Lair:3   | Reached XP level 13. HP: 79/79 MP: 19/19
 20015 | Lair:4   | Reached skill level 1 in Evocations
 20378 | Lair:4   | Found a staircase to the Snake Pit.
 20722 | Lair:4   | Noticed Snorg
 20736 | Lair:4   | Killed Snorg
 20736 | Lair:4   | Reached skill level 5 in Evocations
 20878 | Lair:4   | Reached skill level 10 in Fighting
 21475 | Lair:4   | Reached skill level 11 in Fighting
 21868 | Lair:5   | Reached ***** piety under Makhleb
 21988 | Lair:5   | Noticed a five-headed hydra
 22004 | Lair:4   | Killed a five-headed hydra
 22004 | Lair:4   | Reached skill level 5 in Dodging
 22071 | Lair:5   | Found a frozen archway.
 22081 | IceCv    | Entered an ice cave
 22569 | IceCv    | Reached XP level 14. HP: 89/89 MP: 20/20
 22768 | IceCv    | Noticed a frost giant
 22798 | IceCv    | Killed a frost giant
 23840 | Lair:6   | Entered Level 6 of the Lair of Beasts
 24160 | Lair:6   | Reached skill level 10 in Invocations
 24766 | Lair:6   | Reached skill level 12 in Fighting
 25161 | Lair:6   | Found a staircase to the Slime Pits.
 25392 | Lair:6   | Reached XP level 15. HP: 96/96 MP: 22/22
 25630 | Lair:6   | Reached skill level 13 in Fighting
 26548 | Lair:6   | Got an encrusted demon whip
 26549 | Lair:6   | Identified the +2 demon whip of Skirmishing {drain, *Rage rN+ Str+2 SInv} (You found it on level 6 of the Lair of Beasts)
 26555 | Lair:6   | Identified the Catalogue of Floating Earth
 26953 | D:10     | Found a staircase to the Orcish Mines.
 27162 | D:10     | Killed Fannar
 27546 | Orc:1    | Entered Level 1 of the Orcish Mines
 27629 | Orc:1    | Found Zashouch's Weapon Shoppe.
 27744 | Orc:1    | Found an iron altar of Okawaru.
 27888 | Orc:1    | Reached skill level 10 in Dodging
 28266 | Orc:2    | Entered Level 2 of the Orcish Mines
 28706 | Orc:2    | Reached ****** piety under Makhleb
 28749 | Orc:2    | Found a roughly hewn altar of Beogh.
 28847 | Orc:2    | Found a roughly hewn altar of Beogh.
 28897 | Orc:2    | Found a staircase to the Elven Halls.
 29404 | Orc:2    | Found Miclef's General Store.
 29404 | Orc:2    | Found Nuv Vasi's Weapon Boutique.
 29861 | Orc:2    | Found Leqin's Assorted Antiques.
 29861 | Orc:2    | Found Vinuriep's Antique Weapon Boutique.
 29948 | Orc:2    | Bought a scroll of enchant armour for 105 gold pieces
 30276 | D:12     | Reached skill level 10 in Evocations
 30581 | D:12     | Found a stormy altar of Qazlal.
 31033 | D:13     | Noticed Frances
 31054 | D:12     | Killed Frances
 31277 | D:13     | Reached XP level 16. HP: 100/103 MP: 24/24
 32589 | D:14     | Found a gate to the Vaults.
 32672 | D:14     | Reached skill level 14 in Fighting
 33305 | D:15     | Entered Level 15 of the Dungeon
 33329 | D:14     | Paralysed by an ogre mage for 2 turns
 33443 | D:15     | Found an ancient bone altar of Kikubaaqudgha.
 33811 | D:15     | Reached skill level 10 in Armour
 34095 | D:15     | Found a blossoming altar of Fedhas.
 34431 | D:15     | Found a staircase to the Depths.
 34592 | D:15     | Noticed Roxanne
 34893 | Elf:1    | Entered Level 1 of the Elven Halls
 35050 | Elf:1    | Found a radiant altar of Vehumet.
 35805 | Elf:1    | Reached XP level 17. HP: 107/111 MP: 26/26
 36265 | Elf:1    | Identified the Almanac of the Escort
 36810 | Elf:1    | Paralysed by an orc sorcerer for 4 turns
 37888 | Elf:2    | Found a runed gate.
 37888 | Elf:2    | Found a runed gate.
 37917 | Elf:2    | Found a runed gate.
 38414 | Elf:2    | Got a coiled wooden ring
 38416 | Elf:2    | Identified the ring "Zuonah" {rF+ rC+ Str+2} (You found it on level 2 of the Elven Halls)
 40383 | Elf:2    | Reached skill level 15 in Fighting
 40606 | Elf:2    | Noticed a deep elf blademaster
 40622 | Elf:2    | Killed a deep elf blademaster
 41119 | Elf:2    | Noticed Aizul
 41141 | Elf:2    | Killed Aizul
 41753 | Shoals:1 | Entered Level 1 of the Shoals
 42400 | Shoals:1 | Reached skill level 16 in Fighting
 42400 | Shoals:1 | Reached XP level 18. HP: 104/120 MP: 27/27
 42759 | Shoals:1 | Noticed Louise
 42759 | Shoals:1 | Cast into level 3 of the Abyss (Louise)
 42799 | Abyss:3  | Noticed a bone dragon
 42867 | Abyss:3  | Noticed a bone dragon
 43055 | Abyss:3  | Noticed an ancient lich
 43263 | Abyss:5  | Entered Level 5 of the Abyss
 43670 | Abyss:5  | Gained mutation: You are dopey. (Int -2) [a neqoxec]
 43673 | Abyss:5  | Noticed a lich
 43679 | Shoals:1 | Escaped the Abyss
 43933 | Snake:1  | Entered Level 1 of the Snake Pit
 46010 | Snake:2  | Found a blossoming altar of Fedhas.
 46012 | Snake:2  | Noticed Jorgrun
 46020 | Snake:2  | Killed Jorgrun
 46507 | Snake:2  | Reached skill level 17 in Fighting
 48750 | Snake:4  | Entered Level 4 of the Snake Pit
 49337 | Snake:4  | Reached XP level 19. HP: 100/128 MP: 29/29
 51579 | D:6      | Bought a lamp of fire for 520 gold pieces
 51579 | D:6      | Bought a lightning rod (4/4) for 520 gold pieces
 53502 | Snake:4  | Got a serpentine rune of Zot
 54635 | Vaults:1 | Entered Level 1 of the Vaults
 54868 | Vaults:1 | Reached XP level 20. HP: 136/136 MP: 30/30
 54920 | Vaults:1 | Reached skill level 18 in Fighting
 55294 | Vaults:1 | Hit by a large rock thrown by a stone giant

Skill      XL: |  1  2  3  4  5  6  7  8  9 10 11 12 13 14 15 16 17 18 19 20 |
---------------+-------------------------------------------------------------+-----
Maces & Flails | 2 3 5 6 8 10 12 | 12.0
Armour         | 2 3 4 5 6 7 8 9 11 12 13 | 13.1
Fighting       | 4 7 9 11 12 13 14 16 17 18 | 18.5
Invocations    | 5 8 10 11 12 13 14 | 14.0
Shields        | 6 7 |  7.1
Evocations     | 5 8 10 12 14 | 14.1
Dodging        | 6 11 13 | 13.0
Spellcasting   | |  2.1
Charms         | |  2.4

Action                   |  1- 3 |  4- 6 |  7- 9 | 10-12 | 13-15 | 16-18 | 19-21 || total
-------------------------+-------+-------+-------+-------+-------+-------+-------++-------
Melee: Mace              |   100 |   396 |   175 |       |       |       |       ||   671
       Flail             |       |     4 |   590 |   878 |       |       |       ||  1472
       Dagger            |       |       |    15 |       |       |       |       ||    15
       Whip              |       |       |       |   186 |  2260 |  1351 |       ||  3797
       Demon whip        |       |       |       |       |    16 |  1151 |   814 ||  1981
 Cast: Infusion          |    22 |       |       |       |       |       |       ||    22
Invok: Lesser Servant of |       |       |       |    12 |    19 |     6 |     4 ||    41
       Major Destruction |       |       |       |       |     1 |       |       ||     1
       Greater Servant o |       |       |       |       |       |     2 |       ||     2
 Abil: Evoke Berserk Rag |       |       |       |       |     1 |       |       ||     1
Evoke: Wand              |       |     1 |     6 |     9 |     7 |    40 |     7 ||    70
       Box of beasts     |       |       |       |       |       |     1 |       ||     1
       Lightning rod     |       |       |       |       |       |       |     9 ||     9
       Lamp of fire      |       |       |       |       |       |       |     4 ||     4
  Use: Scroll            |     5 |     2 |     9 |     7 |     9 |    21 |    10 ||    63
       Potion            |       |     2 |     2 |     2 |     1 |    19 |     2 ||    28
 Stab: Paralysed         |       |       |     3 |     9 |    11 |    49 |     4 ||    76
       Distracted        |       |       |       |     4 |     4 |     3 |     2 ||    13
       Invisible         |       |       |       |       |       |     6 |       ||     6
  Eat: Chunk             |     9 |    14 |    18 |    40 |    40 |    56 |    15 ||   192
       Ration            |       |       |       |     2 |       |       |     3 ||     5
Armor: Leather armour    |    18 |       |       |       |       |       |       ||    18
       Crystal plate arm |    10 |   430 |   679 |  1346 |   936 |   924 |   343 ||  4668
       Skin              |       |       |    10 |       |     5 |       |       ||    15
Dodge: Dodged            |    74 |    10 |    27 |    81 |   421 |   487 |   226 ||  1326
Block: Buckler           |       |       |       |    35 |   432 |   483 |   292 ||  1242
       Reflection        |       |       |       |       |       |    22 |    44 ||    66
